 Dungeon Crawl Stone Soup version 0.29.1-15-g9cfb28693d (webtiles) character file.

Game seed: 12981933888888018053

35 booth the Digger (level 3, -3/19 HPs)
             Began as a Gargoyle Earth Elementalist on Feb 22, 2023.
             Killed from afar by Robin (9 damage)
             ... with a puff of flame
             ... on level 2 of the Dungeon.
             The game lasted 00:11:52 (1783 turns).

booth the Digger (Gargoyle Earth Elementalist)      Turns: 1783, Time: 00:11:53

Health: -3/19      AC:  6    Str: 11    XL:     3   Next: 33%
Magic:  6/7        EV: 12    Int: 17    God:
Gold:   96         SH:  0    Dex: 10    Spells: 4/7 levels left

rFire   . . .      SeeInvis .   g - +0 dagger (drain)
rCold   . . .      Faith    .   (no shield)
rNeg    + . .      Spirit   .   a - +0 robe
rPois   ∞          Reflect  .   l - +0 helmet
rElec   +          Harm     .   (no cloak)
rCorr   +          Rampage  .   (no gloves)
Will    +....                   (no boots)
Stlth   ++........              (no amulet)
HPRegen 0.06/turn               c - ring of resist corrosion
MPRegen 0.10/turn               n - ring of willpower

@: no status effects
A: sickness immunity, AC +3, negative energy resistance 1, electricity
resistance, torment resistance 1, petrification resistance
a: no special abilities


You were on level 2 of the Dungeon.
You visited 1 branch of the dungeon, and saw 2 of its levels.

You collected 96 gold pieces.

Inventory:

Hand Weapons
 g - a +0 dagger of draining (weapon)
Armour
 a - a +0 robe (worn)
 l - a +0 helmet (worn)
 r - a +0 leather armour
Jewellery
 c - a ring of resist corrosion (left hand)
 n - a ring of willpower (right hand)
Scrolls
 e - a scroll of teleportation
 m - a scroll of fear {unknown}
 o - a scroll of enchant weapon {unknown}
 p - a scroll of poison {unknown}
 q - a scroll of silence {unknown}
 s - a scroll of brand weapon {unknown}
Potions
 b - a potion of magic
 d - 2 potions of flight
 f - a potion of curing {unknown}
 h - 2 potions of attraction
 i - a potion of berserk rage {unknown}
 j - a potion of mutation {unknown}
 k - a potion of degeneration {unknown}


   Skills:
 + Level 1.6 Dodging
 + Level 2.2 Stealth
 + Level 2.8 Spellcasting
 + Level 0.7 Transmutations
 + Level 4.3 Earth Magic


You had 4 spell levels left.
You knew the following spells:

 Your Spells              Type           Power      Damage    Failure   Level
a - Sandblast             Erth           34%        2d9       3%          1
b - Passwall              Tmut/Erth      9%         N/A       10%         2

Your spell library contained the following spells:

 Spells                   Type           Power      Damage    Failure   Level
 Stone Arrow              Conj/Erth      18%        3d8       22%         3
 Petrify                  Tmut/Erth      11%        N/A       52%         4


Dungeon Overview and Level Annotations

Branches:
Dungeon (2/15)

Altars:

Annotations:
D:2 Robin


Innate Abilities, Weirdness & Mutations

You are immune to sickness and miasma.
Your stone body is resilient. (AC +3)
You are immune to poison.
You resist negative energy. (rN+)
You are resistant to electric shocks. (rElec)
You are resistant to unholy torment.
You are immune to petrification.


Message History

A goblin comes into view. It is wielding a +0 dagger.
A goblin comes into view. It is wielding a +0 dagger.
The goblin shouts!
You hear a shout! x2
You see here a scroll labelled YQAIRYMPOI.
s - a scroll labelled YQAIRYMPOI
Casting: Sandblast (safe; 3% risk of failure)
Confirm with . or Enter, or press ? or * to list all spells.
Aiming: Sandblast (safe; 3% risk of failure)
Press: ? - help, Shift-Dir - straight line, f - goblin
Aim: a goblin, wielding a +0 dagger (77% to hit)
The blast of sand hits the goblin!
You kill the goblin!
Casting: Sandblast (safe; 3% risk of failure)
Confirm with . or Enter, or press ? or * to list all spells.
Aiming: Sandblast (safe; 3% risk of failure)
Press: ? - help, Shift-Dir - straight line, f/p - goblin
Aim: a goblin, wielding a +0 dagger (77% to hit)
The blast of sand hits the goblin!
You kill the goblin!
Robin of the Strong Arm comes into view.
They are wielding a +1 spear of freezing and carrying a wand of flame (20).
Robin shouts!
You hear a shout!
Robin roars a battlecry!
A goblin comes into view. It is wielding a +0 dagger.
Things that are here:
a +0 dagger; a goblin corpse Robin zaps a wand.
The puff of flame misses you.
Robin zaps a wand.
The puff of flame hits you!
A goblin comes into view. It is wielding a +3 dagger.
Robin throws the goblin at you! The goblin attacks as you move away!
The goblin hits you with a +0 dagger.
You hit the goblin but do no damage. You drain the goblin.
The goblin is severely wounded.
The goblin barely misses you.
You hit the goblin.
You kill the goblin!
Robin throws the goblin at you!
You hit the goblin. You drain the goblin.
You kill the goblin!
Robin zaps a wand.
The puff of flame hits you!
You die...

######## .......######
######### #### .#####......#
#)...<..# #... .....#..###.#
#@#####.# #..# .###....# #.#
#)# #.# #####..> .#
###..###.#
#.#####.###....... .#
#......# #.##........###...
.#####.##.######.##.##)#####
##.#
..............##.##.##.##
#.#
#######.#.###.##g.......#
#.# #.#.# #.##........# +#
#...# #.###.#.#.#.#


You could see Robin.

Vanquished Creatures
  2 dart slugs (D:2)
  4 ball pythons
  3 endoplasms
  A giant cockroach (D:1)
  A hobgoblin (D:1)
  3 kobolds
  A quokka (D:2)
  A bat (D:1)
  4 frilled lizards
  8 goblins
  2 rats
30 creatures vanquished.

Notes
Turn   | Place    | Note
-------+----------+-------------------------------------------
     0 | D:1      | booth the Gargoyle Earth Elementalist began the quest for
                  | the Orb.
     0 | D:1      | Reached XP level 1. HP: 10/10 MP: 3/3
   514 | D:1      | Reached XP level 2. HP: 15/15 MP: 3/5
   575 | D:1      | Reached skill level 4 in Earth Magic
  1345 | D:2      | Learned a level 2 spell: Passwall
  1436 | D:2      | Found a faded altar of an unknown god.
  1444 | D:2      | Reached XP level 3. HP: 18/19 MP: 1/6
  1768 | D:2      | Noticed Robin
  1783 | D:2      | Killed from afar by Robin

Illustrated notes

Levels and vault maps discovered:
D:1:      dpeg_arrival_castle, layout_loops_corners, feat_on_display
D:2:      layout_loops_corners, ebering_ecumenical_altar_mist, uniq_robin

Skill      XL: |  1  2 |
---------------+-------+-----
Earth Magic    | 4 |  4.3
Dodging        | |  1.6
Stealth        | |  2.2
Spellcasting   | |  2.8
Transmutations | |  0.7

Action                   || total
-------------------------++-------
Melee: Dagger            ||    14
       Unarmed           ||     1
 Cast: Sandblast         ||    30
  Use: Scroll            ||     3
 Stab: Sleeping          ||     1
Armor: Robe              ||     7
Dodge: Dodged            ||    10
